 Dungeon Crawl Stone Soup version 0.28-a0-1159-g27aa881441 (webtiles) character file.

Game seed: 1755526029162546933

0 mainiacjoe the Sneak (level 1, -1/16 HPs)
             Began as an Octopode Delver on Dec 16, 2021.
             Succumbed to a water moccasin's poison
             ... on level 4 of the Dungeon.
             The game lasted 00:00:25 (75 turns).

mainiacjoe the Sneak (Octopode Delver)                Turns: 75, Time: 00:00:25

Health: -1/16      AC:  1    Str: 11    XL:     1   Next: 0%
Magic:  1/1        EV: 13    Int: 12    God:
Gold:   11         SH:  0    Dex: 13    Spells: 0/0 levels left

rFire   . . .      SeeInvis .   a - +0 falchion
rCold   . . .      Faith    .   (no shield)
rNeg    . . .      Spirit   .   (helmet restricted)
rPois   .          Reflect  .   (no amulet)
rElec   .          Harm     .   (no ring)
rCorr   .          Rampage  .   (no ring)
Will    .....                   (no ring)
Stlth   ++++......              (no ring)
HPRegen 0.05/turn               (no ring)
MPRegen 0.07/turn               (no ring)
                                (no ring)
                                (no ring)

@: lethally poisoned (-1 -> -17)
A: almost no armour, amphibious, 8 rings, camouflage 1, gelatinous body 1,
(nimble swimmer 1), tentacles
a: no special abilities


You were on level 4 of the Dungeon.
You visited 1 branch of the dungeon, and saw 2 of its levels.

You collected 11 gold pieces.

Inventory:

Hand Weapons
 a - a +0 falchion (weapon)
Wands
 f - a wand of digging (3)
Scrolls
 b - a scroll of fog
 c - 2 scrolls of magic mapping
 d - a scroll of fear
 g - a scroll of holy word {unknown}
 h - a scroll of teleportation {unknown}
 i - a scroll of identify {unknown}
Potions
 e - a potion of haste


   Skills:
 - Level 3.0 Fighting
 + Level 2.0 Long Blades
 + Level 2.0 Dodging
 + Level 6.6 Stealth


You couldn't memorise any spells.
You didn't know any spells.
Your spell library was empty.

Dungeon Overview and Level Annotations

Branches:
Dungeon (5/15)
 Temple: D:4-7

Altars:

Annotations:
D:5 exclusion: hound


Innate Abilities, Weirdness & Mutations

You cannot wear most types of armour.
You are amphibious.
You can wear up to eight rings at the same time.
Your skin changes colour to match your surroundings (Stealth+).
Your rubbery body absorbs attacks. (AC +1, EV +1)
((You are camouflaged near water. (Stealth+)))
You have tentacles for arms and can constrict up to eight enemies at once.


Message History

Welcome, mainiacjoe the Octopode Delver.
Are you destined to find the marvelous Orb of Zot, or to die trying?
Press ? for a list of commands and other information.
Found 11 gold pieces.
Found a stone staircase leading down.
You don't know any spells.
You now have 11 gold pieces.
A hound comes into view.
Press: ? - help, v - describe, . - travel
Here: a hound (asleep)
The floor.
Placed new exclusion.
g - a scroll labelled XOYDEJI BIMIY
c - 2 scrolls of magic mapping (gained 1)
Found an escape hatch in the ceiling.
An iguana comes into view.
A water moccasin comes into view.
You see here a scroll labelled KAEKASUANG.
There are no items here.
A scorpion zombie comes into view.
You see here a scroll labelled FYDOTS RUERGH.
h - a scroll labelled FYDOTS RUERGH You see here a scroll labelled KAEKASUANG.
i - a scroll labelled KAEKASUANG The water moccasin hisses angrily.
The water moccasin completely misses you.
There is an escape hatch in the ceiling here.
The water moccasin bites you but does no damage.
A mysterious force pulls you upwards. The hatch slams shut behind you.
You barely miss the water moccasin. Your grab misses the water moccasin.
The water moccasin bites you. The water moccasin bites you!
Ouch! That really hurt!
* * * LOW HITPOINT WARNING * * *
You are lethally poisoned!
The water moccasin poisons you!
You hit the water moccasin but do no damage.
Your grab misses the water moccasin. Your squeeze misses the water moccasin.
You die...

# .# #.##
##...#
#@#
......S##
##.....
#.###. #
.. .. ...
...


You could see a water moccasin.

Vanquished Creatures (others)
  7 plants (D:5)
7 creatures vanquished.

Notes
Turn   | Place    | Note
-------+----------+-------------------------------------------
     0 | D:5      | mainiacjoe the Octopode Delver began the quest for the Orb.
     0 | D:5      | Reached XP level 1. HP: 16/16 MP: 1/1
    21 | D:5      | Noticed a hound
    60 | D:5      | Noticed an iguana
    61 | D:5      | Noticed a water moccasin
    75 | D:4      | Succumbed to a water moccasin's poison

Illustrated notes

Levels and vault maps discovered:
D:4:      nicolae_cairo_tiling_large_dashed, layout_layer_cave,
          mainiacjoe_overflow_brackets, uniq_blork_the_orc, uniq_ijyb
D:5:      layout_layer_cave, jmf_multi_god_temple2, serial_bayou,
          serial_bayou_shore_b, serial_bayou_crossing, serial_bayou_ford_a,
          serial_bayou_shore_a, grunt_ministairs_9, uniq_duvessa

Action                   || total
-------------------------++-------
Melee: Falchion          ||     2
Armor: Skin              ||     1
Dodge: Dodged            ||     1

Table legend: (Time is in decaauts)
 A = Elapsed time spent in this place.
 B = Non-inter-level travel time spent in this place.
 C = Inter-level travel time spent in this place.
 D = Time resting spent in this place.
 E = Time spent auto-exploring this place.
 F = Levels seen in this place.
 G = Mean time per level.
                   A        B        C        D        E       F      G
               +--------+--------+--------+--------+--------+-----+--------+
         Total |     74 |     74 |      0 |      0 |     56 |   2 |   37.0 |
       Dungeon |     74 |     74 |      0 |      0 |     56 |   2 |   37.0 |
               +--------+--------+--------+--------+--------+-----+--------+

Top non-repeatable levels by time:
     D:5: 73 daAuts
     D:4: 1 daAuts
